 Dungeon Crawl Stone Soup version 0.31-a0-188-g5e087ee2ca (webtiles) character file.

Game seed: 6957682039277601501

191 qw the Skirmisher (level 5, -5/29 HPs)
             Began as a Deep Elf Hunter on June 23, 2023.
             Slain by a sleepcap (20 damage)
             ... on level 3 of the Dungeon.
             The game lasted 00:00:37 (1766 turns).

qw the Skirmisher (Deep Elf Hunter)                 Turns: 1766, Time: 00:00:37

Health: -5/29      AC: 10    Str: 10    XL:     5   Next: 41%
Magic:  7/7        EV:  2    Int: 14    God:
Gold:   107        SH:  0    Dex: 18    Spells: 4/4 levels left

rFire   . . .        Y - +4 sling (flame)
rCold   + . .        (no shield)
rNeg    . . .        k - +4 scale mail {rC+}
rPois   .            (no helmet)
rElec   .            (no cloak)
rCorr   .            (no gloves)
SInv    .            (no boots)
Will    .....        i - amulet of reflection
Stlth   +            (no ring)
HPRegen 0.24/turn    (no ring)
MPRegen 0.10/turn

%: reflection
@: sleeping
A: no striking features
a: no special abilities


You were on level 3 of the Dungeon.
You visited 1 branch of the dungeon, and saw 3 of its levels.

You collected 107 gold pieces.


   Skills:
 - Level 1.5 Fighting
 + Level 8.9 Ranged Weapons
 - Level 2.4 Dodging
 - Level 1.2 Stealth


You had 4 spell levels left.
You didn't know any spells.
Your spell library was empty.

Inventory:

Hand Weapons
 Y - a +4 sling of flaming (weapon)
Armour
 k - a +4 scale mail of cold resistance (worn)
Jewellery
 i - an amulet of reflection (around neck)
Scrolls
 c - a scroll of blinking {unknown}
 f - a scroll of identify
Potions
 a - a potion of haste {unknown}
 b - a potion of berserk rage {unknown}
 d - a potion of heal wounds
 e - 2 potions of curing {unknown}
 g - a potion of brilliance {unknown}
 j - a potion of enlightenment {unknown}
 l - a potion of cancellation {unknown}

Dungeon Overview and Level Annotations

Branches:
Dungeon (3/15)

Altars:
Wu Jian


Message History

The sling bullet burns the bat.
You kill the bat!
The orc hits you but does no damage.
You shoot a sling bullet. The sling bullet hits the orc.
The sling bullet burns the orc.
You kill the orc!
You shoot a sling bullet. The sling bullet hits the sleepcap.
The sling bullet burns the sleepcap.
The sleepcap is lightly damaged.
The sleepcap barely misses you.
You shoot a sling bullet. The sling bullet hits the sleepcap.
The sling bullet burns the sleepcap.
The sleepcap is moderately damaged.
The sleepcap releases spores at you.
You are engulfed in a cloud of soporific spores!
You fall asleep.
The sleepcap releases spores at you!
You wake up.
You are engulfed in a cloud of soporific spores!
You are unaffected.
You shoot a sling bullet.
The sling bullet hits the sleepcap but does no damage.
The sleepcap is moderately damaged.
The sleepcap releases spores at you but does no damage. x2
You shoot a sling bullet.
The sling bullet hits the sleepcap but does no damage.
The sleepcap is moderately damaged.
The sleepcap releases spores at you but does no damage.
You shoot a sling bullet. The sling bullet hits the sleepcap.
The sling bullet burns the sleepcap.
The sleepcap is moderately damaged.
The sleepcap closely misses you.
You shoot a sling bullet. The sling bullet hits the sleepcap.
The sling bullet burns the sleepcap.
The sleepcap is heavily damaged.
The sleepcap releases spores at you.
You are engulfed in a cloud of soporific spores!
You fall asleep.
The sleepcap completely misses you. The sleepcap releases spores at you!!
Ouch! That really hurt!
You die...

#.# #.#
#.#
#.#######
#.......#
#######.#
#.#
########.#
#...@....#
#''f######
#....
#(...
##... #...
##.# #.


You could see a sleepcap.

Vanquished Creatures
  An orc priest (D:3)
  Terence (D:2)
  2 orc wizards (D:3)
  2 adders (D:2)
  2 worms
  2 dart slugs
  4 orcs (D:3)
  2 ball pythons
  6 endoplasms
  A giant cockroach (D:2)
  A goblin (D:2)
  10 hobgoblins
  7 jackals (D:3)
  5 kobolds
  2 quokkas
  2 bats
  2 frilled lizards (D:2)
  A rat (D:3)
53 creatures vanquished.

Notes
Turn   | Place    | Note
-------+----------+-------------------------------------------
     0 | D:1      | qw the Deep Elf Hunter began the quest for the Orb.
     0 | D:1      | Reached XP level 1. HP: 12/12 MP: 3/3
     0 | D:1      | 0 ||| qw: Version: 0.3-a-9-g12657ce
     0 | D:1      | 0 ||| qw: Game counter: 4108
     0 | D:1      | 0 ||| qw: Always use a shield: true
     0 | D:1      | 0 ||| qw: God list: Okawaru
     0 | D:1      | 0 ||| qw: Allow faded altars: false
     0 | D:1      | 0 ||| qw: Do Orc after D:15 true
     0 | D:1      | 0 ||| qw: Do second Lair branch before Depths: true
     0 | D:1      | 0 ||| qw: Lair rune preference: random
     0 | D:1      | 0 ||| qw: Plans: Normal
     0 | D:1      | 0 ||| PLANNING D:1-11
   332 | D:1      | 332 ||| SWAPPING to +4 sling of flaming.
   333 | D:1      | 333 ||| DROPPING +0 shortbow.
   561 | D:1      | Reached skill level 6 in Ranged Weapons
   561 | D:1      | Reached XP level 2. HP: 16/16 MP: 4/4
   601 | D:1      | Found a faded altar of an unknown god.
   900 | D:1      | 900 ||| UPGRADING to +0 ring mail.
   910 | D:1      | 910 ||| DROPPING +0 leather armour.
   911 | D:1      | 911 ||| UPGRADING to amulet of reflection.
   916 | D:1      | 916 ||| READING 2 scrolls labelled ZUTYGHEADI.
   917 | D:1      | 917 ||| READING scroll labelled BAUBYF XOULUOM.
   918 | D:1      | 918 ||| READING scroll labelled NUACY HAMERR.
   919 | D:1      | 919 ||| DROPPING scroll of butterflies.
   920 | D:1      | 920 ||| DROPPING scroll of revelation.
  1132 | D:2      | Reached XP level 3. HP: 20/20 MP: 5/5
  1135 | D:2      | Noticed Terence
  1145 | D:2      | HP: 4/20 [Terence/+0 flail (3)]
  1146 | D:2      | Killed Terence
  1147 | D:2      | Reached skill level 7 in Ranged Weapons
  1329 | D:2      | Reached XP level 4. HP: 23/25 MP: 6/6
  1496 | D:2      | 1496 ||| UPGRADING to +4 scale mail of cold resistance.
  1506 | D:2      | 1506 ||| DROPPING +0 ring mail.
  1507 | D:2      | 1507 ||| READING scroll labelled KEDIKO XAYGEO.
  1508 | D:2      | 1508 ||| READING scroll labelled QUIT DORAWKO.
  1511 | D:2      | 1511 ||| DRINKING 2 glowing green potions.
  1548 | D:3      | Reached skill level 8 in Ranged Weapons
  1552 | D:3      | Found an ornate altar of the Wu Jian Council.
  1599 | D:3      | 1599 ||| Stepping ~*~*~tactically~*~*~ (outnumbered).
  1603 | D:3      | Reached XP level 5. HP: 29/29 MP: 7/7
  1766 | D:3      | Slain by a sleepcap

Levels and vault maps discovered:
D:1:      scummos_arrival_gate, layout_basic,
          shapermc_ecumenical_altar_notcrosses, lemuel_flame_loot_1
D:2:      layout_basic, chequers_serial_rivers_small_b, uniq_terence
D:3:      layout_loops_ring, tso_oasis_becter, nicolae_wu_jian_wuxing_cycle,
          grunt_decor_fettered, hellmonk_no_cap

Skill      XL: |  1  2  3  4 |
---------------+-------------+-----
Ranged Weapons | 6 7 8 |  8.9
Fighting       | |  1.5
Dodging        | |  2.4
Stealth        | |  1.2

Action                     |  1- 3 |  4- 6 || total
---------------------------+-------+-------++-------
   Fire: Shortbow          |    16 |       ||    16
         Sling             |    52 |    49 ||   101
    Use: Scroll            |     3 |     2 ||     5
         Potion            |       |     1 ||     1
 Armour: Leather armour    |     1 |       ||     1
         Ring mail         |     6 |       ||     6
         Scale mail        |       |     6 ||     6
  Dodge: Dodged            |    19 |     6 ||    25
  Block: Other             |     6 |     2 ||     8
         Reflection        |       |     1 ||     1

Table legend:
 A = Non-vault XP
 B = Vault XP
 C = Vault XP percentage of total XP
 D = Non-vault monster count
 E = Vault monster count
 F = Vault count percentage of total count
                 A         B        C        D         E       F
            +---------+---------+-------+---------+---------+-------
      Total |     233 |      40 |  14.7 |      50 |       3 |   5.7
            +---------+---------+-------+---------+---------+-------
        D:1 |      21 |       0 |   0.0 |      10 |       0 |   0.0
        D:2 |      65 |      36 |  35.6 |      21 |       1 |   4.5
        D:3 |     147 |       4 |   2.6 |      19 |       2 |   9.5
            +---------+---------+-------+---------+---------+-------
